PBL
KELOWNA HEAT @ COLORADO AVALANCHE
08/01/2045
 
TOP OF THE 1ST
Kelowna Heat batting - Pitching for Colorado Avalanche : RHP Michael Conrad
Pitching: RHP Michael Conrad
Batting: LHB Mason Duffy 0-0: Fly out, F4 (Popup, 4, EV 63.8 MPH)
Batting: RHB Coen Dirks 0-0: Ball
1-0: Ball
2-0: Ball
3-0: Base on Balls
Batting: LHB Mike Roberts 0-0: Ball
1-0: Ball
2-0: Swinging Strike
2-1: DOUBLE (Flyball, 78XD, EV 96.9 MPH)
Coen Dirks to third
Batting: RHB Brian Rogers 0-0: Ball
1-0: Foul Ball, location: 2F
1-1: Swinging Strike
1-2: Foul Ball, location: 2F
1-2: Strikes out swinging
Batting: LHB Steve Nevis 0-0: Called Strike
0-1: SINGLE (Line Drive, 6D, EV 94.4 MPH)
Coen Dirks scores
Mike Roberts to third
Runner from 3rd tries for Home, SAFE, throw by LF to home
Batting: RHB Zach Maguire 0-0: Fielders Choice at 2nd, 6-4 (Groundball, 6, EV 85.6 MPH)
Top of the 1st over - 2 runs, 2 hits, 0 errors, 1 left on base; Kelowna 2 - Colorado 0
BOTTOM OF THE 1ST
Colorado Avalanche batting - Pitching for Kelowna Heat : LHP Hector Jimenez
Pitching: LHP Hector Jimenez
Batting: SHB Jamie Mims 0-0: Swinging Strike
0-1: Ball
1-1: Ball
2-1: Foul Ball, location: 2F
2-2: SINGLE (Flyball, 89S, EV 95.6 MPH)
Batting: RHB Doug D'Onofrio 0-0: Ball
1-0: Ball
2-0: Called Strike
2-1: Called Strike
2-2: Ball
3-2: Strikes out swinging
Batting: RHB Zakhar Edelman 0-0: Ball
1-0: Reached on error, E3 (Groundball, 34S, EV 84.4 MPH)
Jamie Mims to second
Batting: RHB Ray Insley 0-0: Fielders Choice at 2nd, 6-4 (Groundball, 6, EV 89.4 MPH)
Jamie Mims to third
Batting: RHB Matviy Oliynyk 0-0: Called Strike
0-1: Ball
1-1: Fly out, F9 (Flyball, 9LM, EV 87.5 MPH)
Bottom of the 1st over - 0 runs, 1 hit, 1 error, 2 left on base; Kelowna 2 - Colorado 0
TOP OF THE 2ND
Kelowna Heat batting - Pitching for Colorado Avalanche : RHP Michael Conrad
Batting: RHB Malik Sharpless 0-0: Called Strike
0-1: Ball
1-1: Foul Ball, location: 2F
1-2: Strikes out swinging
Batting: RHB Billy Pranger 0-0: Ball
1-0: Ball
2-0: Foul Ball, location: 2F
2-1: SINGLE (Line Drive, 7S, EV 88.8 MPH)
Batting: RHB Ryan Roberts 0-0: DOUBLE (Line Drive, 9LS, EV 95.0 MPH)
Billy Pranger to third
Batting: LHB Mason Duffy 0-0: Called Strike
0-1: Fly out, F8 (Line Drive, 8RM, EV 103.8 MPH)
Runner from 3rd tags up, SCORES, throw by CF
Ryan Roberts to third
Batting: RHB Coen Dirks 0-0: Ball
1-0: Called Strike
1-1: Ground out 1-3 (Groundball, 13S, EV 67.5 MPH)
Top of the 2nd over - 1 run, 2 hits, 0 errors, 1 left on base; Kelowna 3 - Colorado 0
BOTTOM OF THE 2ND
Colorado Avalanche batting - Pitching for Kelowna Heat : LHP Hector Jimenez
Batting: RHB Mike McElroy 0-0: Ball
1-0: SINGLE (Line Drive, 4D, EV 105.6 MPH)
Batting: LHB Nick Rooney 0-0: Ball
1-0: Ball
Wild Pitch!
Mike McElroy to second
2-0: SINGLE (Line Drive, 78S, EV 98.8 MPH)
Mike McElroy to third
Batting: RHB Maurice Moore 0-0: Called Strike
0-1: Ball
1-1: Foul Ball, location: 2F
1-2: Ball
2-2: 3-RUN HOME RUN (Flyball, 9D, EV 97.5 MPH), Distance : 394 ft
Batting: RHB Manny Thompson 0-0: Ball
1-0: Called Strike
1-1: Ball
2-1: Ball
3-1: Called Strike
3-2: Ground out 4-3 (Groundball, 34, EV 103.1 MPH)
Batting: SHB Jamie Mims 0-0: SINGLE (Groundball, 13S, EV 66.9 MPH) (infield hit)
Batting: RHB Doug D'Onofrio 0-0: Foul Ball, location: 2F
0-1: Swinging Strike
0-2: Ball
1-2: Ball
2-2: 2-RUN HOME RUN (Flyball, 7D, EV 96.2 MPH), Distance : 391 ft
Batting: RHB Zakhar Edelman 0-0: Foul Ball, location: 2F
0-1: Ball
1-1: Ball
2-1: Ball
3-1: SOLO HOME RUN (Flyball, 7LD, EV 97.5 MPH), Distance : 364 ft
Batting: RHB Ray Insley 0-0: Foul Ball, location: 2F
0-1: Ball
1-1: Foul Ball, location: 2F
1-2: Foul Ball, location: 2F
1-2: Ball
2-2: Foul Ball, location: 2F
2-2: Strikes out swinging
Batting: RHB Matviy Oliynyk 0-0: Ball
1-0: SINGLE (Groundball, 6MD, EV 101.2 MPH) (infield hit)
Batting: RHB Mike McElroy 0-0: Ball
Passed Ball!
Matviy Oliynyk to second
1-0: Called Strike
1-1: DOUBLE (Line Drive, 7LM, EV 101.2 MPH)
Matviy Oliynyk scores
Pitching: LHP Christian Rogers
Batting: LHB Nick Rooney 0-0: Ball
1-0: Foul Ball, location: 2F
1-1: Ball
2-1: 2-RUN HOME RUN (Flyball, 8LXD, EV 116.2 MPH), Distance : 461 ft
Batting: RHB Maurice Moore 0-0: DOUBLE (Line Drive, 89D, EV 103.1 MPH)
Batting: RHB Manny Thompson 0-0: Swinging Strike
0-1: Foul Ball, location: 2F
0-2: Ball
1-2: Ball
Passed Ball!
Maurice Moore to third
2-2: Strikes out swinging
Bottom of the 2nd over - 9 runs, 10 hits, 0 errors, 1 left on base; Kelowna 3 - Colorado 9
TOP OF THE 3RD
Kelowna Heat batting - Pitching for Colorado Avalanche : RHP Michael Conrad
Batting: LHB Mike Roberts 0-0: SOLO HOME RUN (Flyball, 9D, EV 100.6 MPH), Distance : 385 ft
Batting: RHB Brian Rogers 0-0: Called Strike
0-1: Fly out, F3 (Flyball, 34D, EV 89.4 MPH)
Batting: LHB Steve Nevis 0-0: Called Strike
0-1: Fly out, F9 (Flyball, 89D, EV 102.5 MPH)
Batting: RHB Zach Maguire 0-0: Ball
1-0: Called Strike
1-1: Ball
2-1: Foul Ball, location: 2F
2-2: Strikes out swinging
Top of the 3rd over - 1 run, 1 hit, 0 errors, 0 left on base; Kelowna 4 - Colorado 9
BOTTOM OF THE 3RD
Colorado Avalanche batting - Pitching for Kelowna Heat : LHP Christian Rogers
Batting: SHB Jamie Mims 0-0: Called Strike
0-1: SINGLE (Groundball, 6MS, EV 71.2 MPH) (infield hit)
Batting: RHB Doug D'Onofrio 0-0: Called Strike
0-1: Swinging Strike
0-2: Ball
1-2: Foul Ball, location: 2F
1-2: Ball
Passed Ball!
Jamie Mims to second
2-2: Ball
3-2: Base on Balls
Batting: RHB Zakhar Edelman 0-0: Ball
Jamie Mims steals 3rd base
1-0: Ball
2-0: Ball
3-0: Base on Balls
Doug D'Onofrio to second
Batting: RHB Ray Insley 0-0: Ball
1-0: Ball
2-0: Ball
3-0: Base on Balls
Jamie Mims scores
Doug D'Onofrio to third
Zakhar Edelman to second
Batting: RHB Matviy Oliynyk 0-0: Called Strike
0-1: Ball
1-1: Swinging Strike
1-2: Ball
2-2: Foul Ball, location: 2F
2-2: Strikes out swinging
Batting: RHB Mike McElroy 0-0: Ball
1-0: Swinging Strike
Passed Ball!
Doug D'Onofrio scores
Zakhar Edelman to third
Ray Insley to second
1-1: Foul Ball, location: 2F
1-2: Strikes out swinging
Batting: LHB Nick Rooney 0-0: Fly out, F7 (Flyball, 7D, EV 91.2 MPH)
Bottom of the 3rd over - 2 runs, 1 hit, 0 errors, 2 left on base; Kelowna 4 - Colorado 11
TOP OF THE 4TH
Kelowna Heat batting - Pitching for Colorado Avalanche : RHP Michael Conrad
Batting: RHB Malik Sharpless 0-0: Called Strike
0-1: Ball
1-1: Swinging Strike
1-2: Strikes out swinging, 2-3 out at first.
Batting: RHB Billy Pranger 0-0: Called Strike
0-1: Ball
1-1: Ball
2-1: Foul Ball, location: 2F
2-2: Ground out 6-3 (Groundball, 6S, EV 87.5 MPH)
Batting: RHB Ryan Roberts 0-0: Called Strike
0-1: Foul Ball, location: 2F
0-2: Ball
1-2: Ball
2-2: Strikes out swinging
Top of the 4th over - 0 runs, 0 hits, 0 errors, 0 left on base; Kelowna 4 - Colorado 11
BOTTOM OF THE 4TH
Colorado Avalanche batting - Pitching for Kelowna Heat : LHP Christian Rogers
Batting: RHB Maurice Moore 0-0: Ball
1-0: Ground out 4-3 (Groundball, 4, EV 85.6 MPH)
Batting: RHB Manny Thompson 0-0: Swinging Strike
0-1: Foul Ball, location: 2F
0-2: Fly out, F8 (Flyball, 8LM, EV 83.8 MPH)
Batting: SHB Jamie Mims 0-0: Ball
1-0: Foul Ball, location: 2F
1-1: Ball
2-1: Fly out, F8 (Line Drive, 8LM, EV 93.1 MPH)
Bottom of the 4th over - 0 runs, 0 hits, 0 errors, 0 left on base; Kelowna 4 - Colorado 11
TOP OF THE 5TH
Kelowna Heat batting - Pitching for Colorado Avalanche : RHP Michael Conrad
Batting: LHB Mason Duffy 0-0: SINGLE (Line Drive, 89S, EV 105.0 MPH)
Batting: RHB Coen Dirks 0-0: Ball
1-0: Ball
Mason Duffy steals 2nd base (no throw)
2-0: Ball
3-0: Called Strike
3-1: Foul Ball, location: 2F
3-2: Foul Ball, location: 2F
3-2: SINGLE (Flyball, 8RS, EV 97.5 MPH)
Mason Duffy to third
Batting: LHB Mike Roberts 0-0: Ball
1-0: Foul Ball, location: 2F
1-1: Ball
2-1: Foul Ball, location: 2F
2-2: Ball
3-2: SINGLE (Groundball, 4MD, EV 110.6 MPH)
Mason Duffy scores
Coen Dirks to second
Batting: RHB Brian Rogers 0-0: Called Strike
0-1: Ball
1-1: Foul Ball, location: 2F
1-2: Ball
2-2: Ball
3-2: Fielders Choice at 2nd, 1-6 (Groundball, 34S, EV 71.2 MPH)
Coen Dirks to third
Pitching: RHP Josh Blaschke
Batting: LHB Steve Nevis 0-0: Ball
1-0: Ground out 6-3 (Groundball, 4MS, EV 85.0 MPH)
Coen Dirks scores
Brian Rogers to second
Batting: RHB Zach Maguire 0-0: Called Strike
0-1: Fly out, F2 (Popup, 2RF, EV 88.8 MPH)
Top of the 5th over - 2 runs, 3 hits, 0 errors, 1 left on base; Kelowna 6 - Colorado 11
BOTTOM OF THE 5TH
Colorado Avalanche batting - Pitching for Kelowna Heat : LHP Christian Rogers
Batting: RHB Doug D'Onofrio 0-0: Called Strike
0-1: Ball
1-1: Foul Ball, location: 2F
1-2: Ball
2-2: Foul Ball, location: 2F
2-2: Ball
3-2: Foul Ball, location: 2F
3-2: Ground out 4-3 (Groundball, 4D, EV 76.2 MPH)
Pitching: RHP Harry Dickson
Batting: RHB Zakhar Edelman 0-0: Ball
1-0: Ball
2-0: Ground out U3 (Groundball, 34, EV 101.9 MPH)
Batting: RHB Ray Insley 0-0: Ball
1-0: Called Strike
1-1: Swinging Strike
1-2: Ball
2-2: Foul Ball, location: 2F
2-2: Strikes out swinging
Bottom of the 5th over - 0 runs, 0 hits, 0 errors, 0 left on base; Kelowna 6 - Colorado 11
TOP OF THE 6TH
Kelowna Heat batting - Pitching for Colorado Avalanche : RHP Josh Blaschke
Batting: RHB Malik Sharpless 0-0: Ball
1-0: Ground out 4-3 (Groundball, 4, EV 83.8 MPH)
Batting: RHB Billy Pranger 0-0: Ball
1-0: Ball
2-0: SINGLE (Line Drive, 8RS, EV 93.1 MPH)
Batting: RHB Ryan Roberts 0-0: SINGLE (Groundball, 15S, EV 69.4 MPH) (infield hit)
Billy Pranger to second
Batting: LHB Mason Duffy 0-0: Fielders Choice at 2nd, 5-4 (Groundball, 56, EV 86.2 MPH)
Billy Pranger to third
Batting: RHB Coen Dirks 0-0: Called Strike
0-1: Called Strike
0-2: Strikes out swinging
Top of the 6th over - 0 runs, 2 hits, 0 errors, 2 left on base; Kelowna 6 - Colorado 11
BOTTOM OF THE 6TH
Colorado Avalanche batting - Pitching for Kelowna Heat : RHP Harry Dickson
Batting: RHB Matviy Oliynyk 0-0: Fly out, F7 (Line Drive, 7, EV 102.5 MPH)
Batting: RHB Mike McElroy 0-0: SINGLE (Groundball, 6MD, EV 103.1 MPH)
Batting: LHB Nick Rooney 0-0: Ball
Mike McElroy steals 2nd base
1-0: Called Strike
1-1: Ground out 1-3 (Groundball, 15, EV 74.4 MPH)
Batting: RHB Maurice Moore 0-0: Ball
1-0: Called Strike
1-1: Ball
2-1: SINGLE (Groundball, 34D, EV 98.1 MPH)
Mike McElroy to third
Runner from 3rd tries for Home, SAFE, throw by RF to home
Batting: RHB Manny Thompson 0-0: Foul Ball, location: 2F
0-1: Ball
1-1: Ball
2-1: Fly out, F9 (Flyball, 9LD, EV 108.8 MPH)
Bottom of the 6th over - 1 run, 2 hits, 0 errors, 1 left on base; Kelowna 6 - Colorado 12
TOP OF THE 7TH
Kelowna Heat batting - Pitching for Colorado Avalanche : RHP Josh Blaschke
Batting: LHB Mike Roberts 0-0: Ball
1-0: Ball
2-0: SINGLE (Groundball, 3S, EV 69.4 MPH) (infield hit)
Batting: RHB Brian Rogers 0-0: Foul Ball, location: 2F
0-1: Swinging Strike
0-2: Ball
1-2: Foul Ball, location: 2F
1-2: Ball
2-2: Ball
3-2: Fly out, F9 (Flyball, 9LM, EV 80.0 MPH)
Batting: LHB Steve Nevis 0-0: Ball
1-0: Fly out, F6 (Flyball, 56D, EV 81.9 MPH)
Batting: RHB Zach Maguire 0-0: Foul Ball, location: 2F
0-1: Ball
1-1: Called Strike
1-2: Ball
2-2: Foul Ball, location: 2F
2-2: Ball
3-2: Base on Balls
Mike Roberts to second
Batting: RHB Malik Sharpless 0-0: Fly out, F9 (Flyball, 9LM, EV 99.4 MPH)
Top of the 7th over - 0 runs, 1 hit, 0 errors, 2 left on base; Kelowna 6 - Colorado 12
BOTTOM OF THE 7TH
Colorado Avalanche batting - Pitching for Kelowna Heat : RHP Harry Dickson
Batting: SHB Jamie Mims 0-0: Called Strike
0-1: Fly out, F7 (Flyball, 78XD, EV 88.1 MPH)
Batting: RHB Doug D'Onofrio 0-0: Ball
1-0: Swinging Strike
1-1: Called Strike
1-2: Ball
2-2: Strikes out swinging
Batting: RHB Zakhar Edelman 0-0: Called Strike
0-1: Called Strike
0-2: Ball
1-2: Ball
2-2: Ball
3-2: Base on Balls
Batting: RHB Ray Insley 0-0: Ball
1-0: Called Strike
1-1: Called Strike
1-2: Ball
Passed Ball!
Zakhar Edelman to second
2-2: Ground out 6-3 (Groundball, 56, EV 79.4 MPH)
Bottom of the 7th over - 0 runs, 0 hits, 0 errors, 1 left on base; Kelowna 6 - Colorado 12
TOP OF THE 8TH
Kelowna Heat batting - Pitching for Colorado Avalanche : RHP Josh Blaschke
Batting: RHB Billy Pranger 0-0: Hit by Pitch
Pitching: RHP Jim Crooks
Batting: RHB Ryan Roberts 0-0: Called Strike
0-1: Ball
1-1: Fly out, F9 (Flyball, 9LM, EV 92.5 MPH)
Batting: LHB Mason Duffy 0-0: Ball
1-0: Ball
2-0: Called Strike
2-1: SINGLE (Groundball, 4M, EV 101.2 MPH) (infield hit)
Billy Pranger to second
Batting: RHB Coen Dirks 0-0: Ball
1-0: Ball
2-0: Ball
3-0: Called Strike
3-1: Called Strike
3-2: SINGLE (Flyball, 56D, EV 94.4 MPH)
Billy Pranger to third
Mason Duffy to second
Batting: LHB Mike Roberts 0-0: Called Strike
0-1: Ball
1-1: Ball
2-1: Ball
3-1: Fly out, F8 (Flyball, 8LD, EV 104.4 MPH)
Runner from 3rd tags up, SCORES, throw by CF
Mason Duffy to third
Batting: RHB Brian Rogers 0-0: Ground out 5-3 (Groundball, 56S, EV 88.1 MPH)
Top of the 8th over - 1 run, 2 hits, 0 errors, 2 left on base; Kelowna 7 - Colorado 12
BOTTOM OF THE 8TH
Colorado Avalanche batting - Pitching for Kelowna Heat : RHP Harry Dickson
Pitching: RHP Sam Drews
Batting: RHB Matviy Oliynyk 0-0: Ball
1-0: Swinging Strike
1-1: Ball
2-1: Foul Ball, location: 2F
2-2: Ball
3-2: Base on Balls
Batting: RHB Mike McElroy 0-0: Ball
1-0: Fielders Choice at 2nd, 6-4 (Groundball, 6, EV 82.5 MPH)
Batting: LHB Nick Rooney Pickoff Throw to First - Error! E1
Mike McElroy to second
0-0: Foul Ball, location: 2F
0-1: Ball
1-1: Swinging Strike
1-2: Strikes out swinging
Batting: RHB Maurice Moore 0-0: Ball
1-0: Called Strike
1-1: Foul Ball, location: 2F
1-2: Ball
2-2: Strikes out swinging
Bottom of the 8th over - 0 runs, 0 hits, 1 error, 1 left on base; Kelowna 7 - Colorado 12
TOP OF THE 9TH
Kelowna Heat batting - Pitching for Colorado Avalanche : RHP Jim Crooks
Batting: LHB Steve Nevis 0-0: Fly out, F3 (Popup, 23F, EV 78.8 MPH)
Batting: RHB Zach Maguire 0-0: Swinging Strike
0-1: Ball
1-1: Foul Ball, location: 2F
1-2: Foul Ball, location: 2F
1-2: Ball
2-2: Foul Ball, location: 2F
2-2: SINGLE (Line Drive, 9S, EV 112.5 MPH)
Batting: RHB Malik Sharpless 0-0: Ball
1-0: Fly out, F9 (Line Drive, 9, EV 85.6 MPH)
Batting: RHB Billy Pranger 0-0: Ball
1-0: Ball
2-0: Fly out, F9 (Flyball, 9S, EV 80.6 MPH)
Top of the 9th over - 0 runs, 1 hit, 0 errors, 1 left on base; Kelowna 7 - Colorado 12
Wednesday, June 22nd , 2022 - OOTP Baseball 23.4 Build 64